 Dungeon Sprint DCSS version 0.27.1 (webtiles) character file.

Game seed: 12364476008399810402

2248 styxcanada the Unseen (level 9, -3/47 HPs)
             Began as a Spriggan Brigand on Sept 3, 2021.
             Was an Initiate of Gozag.
             Splashed by an oklob plant's acid (13 damage)
             ... in the Dungeon (Sprint IV: "Fedhas' Mad Dash").
             The game lasted 00:05:57 (743 turns).

styxcanada the Unseen (Spriggan Brigand)             Turns: 743, Time: 00:05:58

Health: -3/47      AC:  7    Str:  7    XL:     9   Next: 15%
Magic:  18/18      EV: 23    Int: 12    God:    Gozag
Gold:   808        SH:  7    Dex: 20    Spells: 14/19 levels left

rFire    . . .     SeeInvis +   a - +2 dagger
rCold    . . .     Faith    .   n - +0 buckler
rNeg     . . .     Spirit   .   b - +0 robe
rPois    .         Reflect  .   (helmet restricted)
rElec    .         Harm     .   c - +0 cloak
rCorr    .         Rampage  .   (gloves unavailable)
Will     +....     NoTele   +   (boots unavailable)
Stlth    ++++++++..             l - amulet of invisibility {+Inv}
HPRegen  0.15/turn              t - +4 ring of protection
MPRegen  0.16/turn              (no ring)

@: gold aura, very slightly contaminated, very quick
A: very small, no large weapons, unfitting armour, see invisible, speed 3
a: Renounce Religion, Evoke Invisibility, Potion Petition, Call Merchant, Bribe
Branch


You were in the Dungeon.
You worshipped Gozag.
Gozag was pleased with you.
You visited 1 branch You collected 1366 gold pieces.
You spent 558 gold pieces at shops.

Inventory:

Hand Weapons
 a - a +2 dagger (weapon)
 p - a +0 hunting sling
Missiles
 d - 8 poisoned darts (quivered)
 e - 2 curare-tipped darts
 m - 6 stones
Armour
 b - a +0 robe (worn)
 c - a +0 cloak (worn)
 n - a +0 buckler (worn)
Jewellery
 l - the amulet of invisibility (around neck) {+Inv}
   (You found it in the Dungeon)

   [amulet of nothing]

   +Inv:      It lets you turn invisible.
 t - a +4 ring of protection (left hand)
Wands
 q - a wand of flame (9)
Scrolls
 k - a scroll of blinking
 o - a scroll of enchant armour
 r - a scroll of fog
Potions
 f - a potion of curing
 g - a potion of heal wounds
 h - a potion of haste
 i - 2 potions of magic
 j - a potion of brilliance
 s - a potion of lignification {unknown}


   Skills:
 * Level 5.5 Fighting
 + Level 5.4 Short Blades
 + Level 4.1 Throwing
 * Level 8.5 Dodging
 * Level 20.4 Stealth
 * Level 3.6 Shields
 * Level 5.7 Spellcasting
 * Level 5.7 Hexes
 * Level 8.4 Evocations


You had 14 spell levels left.
You knew the following spells:

 Your Spells              Type           Power      Damage    Failure   Level
a - Slow                  Hex            17%        N/A       3%          2
b - Confusing Touch       Hex            17%        N/A       7%          3

Your spell library contained the following spells:

 Spells                   Type           Power      Damage    Failure   Level
 Inner Flame              Hex/Fire       10%        N/A       22%         3
 Portal Projectile        Hex/Tloc       20%        N/A       22%         3
 Yara's Violent Unravell  Hex/Tmut       5%         3d4       90%         5
 Discord                  Hex            8%         N/A       100%        8


Dungeon Overview and Level Annotations

Branches:
Dungeon (1/1)

Altars:
Cheibriados
Dithmenos
Elyvilon
Gozag
Hepliaklqana
Kikubaaqudgha
Makhleb
Nemelex Xobeh
Okawaru
Qazlal
Ru
Sif Muna
Trog
Uskayaw
Vehumet
Wu Jian
Xom
Yredelemnul
Zin
The Shining One
Beogh
Jiyva
Lugonu

Shops:
D (:?*

Annotations:
D exclusions: oklob plant and oklob sapling


Innate Abilities, Weirdness & Mutations

You are very small and have problems with some larger weapons.
You are too small for most types of armour.
You have supernaturally acute eyesight. (SInv)
You cover ground extremely quickly. (Speed+++)


Message History

You hit the burning bush but do no damage.
The burning bush throws fire at you.
The puff of flame hits you but does no damage.
You hit the burning bush but do no damage.
You hit the burning bush but do no damage.
You hit the wandering mushroom.
The wandering mushroom is lightly damaged.
You flicker for a moment.
The wandering mushroom misses you.
You strike the helpless wandering mushroom from behind!
You stick the wandering mushroom like a pincushion!!!
You destroy the wandering mushroom!
You hit the burning bush.
The burning bush is lightly damaged.
You hit the burning bush but do no damage.
The burning bush is lightly damaged.
You completely miss the burning bush.
You hit the burning bush but do no damage.
You hit the burning bush but do no damage.
You hit the burning bush.
The burning bush is lightly damaged.
You flicker back into view.
You hit the burning bush but do no damage.
The burning bush is lightly damaged.
The oklob sapling spits acid at you. The splash of acid hits you!
You are splashed with acid!
You hit the burning bush but do no damage.
The burning bush is lightly damaged.
You hit the burning bush but do no damage.
The burning bush is lightly damaged.
You hit the burning bush but do no damage.
The burning bush is lightly damaged.
The oklob plant spits acid at you. You block the splash of acid.
The oklob plant spits acid at you. The splash of acid hits you!
* * * LOW HITPOINT WARNING * * *
You are splashed with acid!
You die...
Your body crumbles into a pile of gold.

########################
#<..P#.....#.....#.⌠._._
#PP..'..†..'.#...'.._._.
#PPPP#.....#.#...#..._._
###############'##.._._.
#...♣........'...#._._._
#......♣.....#...#######
#.....♣..♣..######
##'####@######P)
#..#....'$......
#..#..###P...P.. #######
#######


You could see an oklob plant and a burning bush.

Vanquished Creatures
  An oklob plant (D)
  2 burning bushes (D)
  3 wandering mushrooms (D)
  A queen bee (D)
  3 scorpions (D)
  4 killer bees (D)
  4 oklob saplings (D)
  2 spriggans (D)
  A river rat (D)
  A rat (D)
22 creatures vanquished.

Notes
Turn   | Place    | Note
-------+----------+-------------------------------------------
     0 | D        | styxcanada the Spriggan Brigand began the quest for the
                  | Orb.
     0 | D        | Reached XP level 1. HP: 10/10 MP: 2/2
     9 | D        | Reached skill level 7 in Stealth
     9 | D        | Reached XP level 2. HP: 15/15 MP: 3/3
    11 | D        | Reached skill level 8 in Stealth
    17 | D        | Noticed an oklob sapling
    19 | D        | Killed an oklob sapling
    20 | D        | Reached skill level 10 in Stealth
    20 | D        | Reached XP level 3. HP: 18/18 MP: 4/4
    21 | D        | Noticed a scorpion
    21 | D        | Found the amulet of invisibility {+Inv}
    23 | D        | Killed a scorpion
    24 | D        | Reached skill level 12 in Stealth
    24 | D        | Reached XP level 4. HP: 23/23 MP: 5/5
    48 | D        | Found an opulent altar of Gozag.
    48 | D        | Found a hazy altar of Hepliaklqana.
    48 | D        | Found a burning altar of Makhleb.
    48 | D        | Found a sparkling altar of Nemelex Xobeh.
    48 | D        | Found a snail-covered altar of Cheibriados.
    48 | D        | Found a sacrificial altar of Ru.
    48 | D        | Found a shimmering blue altar of Sif Muna.
    48 | D        | Found a shimmering altar of Xom.
    48 | D        | Found a basalt altar of Yredelemnul.
    49 | D        | Found a viscous altar of Jiyva.
    49 | D        | Found a bloodstained altar of Trog.
    49 | D        | Found an ornate altar of the Wu Jian Council.
    50 | D        | Found an iron altar of Okawaru.
    50 | D        | Found a shadowy altar of Dithmenos.
    50 | D        | Found a glowing silver altar of Zin.
    51 | D        | Found an ancient bone altar of Kikubaaqudgha.
    51 | D        | Found a hide-covered altar of Uskayaw.
    52 | D        | Found a stormy altar of Qazlal.
    52 | D        | Found a white marble altar of Elyvilon.
    52 | D        | Found a glowing golden altar of the Shining One.
    53 | D        | Became a worshipper of Gozag Ym Sagoz the Greedy
    54 | D        | Found a corrupted altar of Lugonu.
    54 | D        | Found a radiant altar of Vehumet.
    58 | D        | Reached skill level 13 in Stealth
    58 | D        | Reached XP level 5. HP: 28/28 MP: 3/6
    98 | D        | Reached skill level 14 in Stealth
    98 | D        | Reached skill level 1 in Evocations
   104 | D        | Reached skill level 5 in Dodging
   105 | D        | Reached skill level 15 in Stealth
   107 | D        | Reached XP level 6. HP: 32/32 MP: 5/7
   140 | D        | Found Atofes's Book Shop.
   141 | D        | Found Rodides's Antique Weapon Emporium.
   147 | D        | Bought a book of Misfortune for 338 gold pieces
   150 | D        | Learned a level 2 spell: Slow
   154 | D        | Learned a level 3 spell: Confusing Touch
   257 | D        | Noticed a burning bush
   257 | D        | Noticed a wandering mushroom
   258 | D        | Noticed a wandering mushroom
   262 | D        | Killed a wandering mushroom
   263 | D        | Reached skill level 17 in Stealth
   263 | D        | Reached skill level 1 in Shields
   263 | D        | Killed a wandering mushroom
   264 | D        | Reached skill level 18 in Stealth
   264 | D        | Reached XP level 7. HP: 31/38 MP: 5/12
   420 | D        | Killed a burning bush
   421 | D        | Reached skill level 5 in Evocations
   440 | D        | Found Bamazeix's Assorted Antiques.
   440 | D        | Found Weleojabbi's Magic Scroll Shoppe.
   445 | D        | Got the Almanac of the Ensnaring Traveller
   447 | D        | Bought a scroll of identify for 24 gold pieces
   447 | D        | Bought a scroll of enchant armour for 90 gold pieces
   449 | D        | Bought a glowing wooden wand for 72 gold pieces
   449 | D        | Bought a scroll labelled UGREPT SOCUSH for 18 gold pieces
   449 | D        | Bought a sapphire potion for 16 gold pieces
   489 | D        | Reached XP level 8. HP: 42/42 MP: 11/15
   494 | D        | Noticed a queen bee
   501 | D        | Killed a queen bee
   502 | D        | Reached skill level 19 in Stealth
   504 | D        | Reached skill level 5 in Fighting
   556 | D        | Noticed an oklob plant
   558 | D        | Killed an oklob plant
   559 | D        | Reached skill level 5 in Short Blades
   559 | D        | Reached skill level 20 in Stealth
   559 | D        | Reached skill level 5 in Spellcasting
   559 | D        | Reached skill level 5 in Hexes
   651 | D        | Noticed a burning bush
   654 | D        | Killed a burning bush
   655 | D        | Reached XP level 9. HP: 47/47 MP: 14/18
   720 | D        | Noticed a burning bush
   720 | D        | Noticed an oklob plant
   721 | D        | Noticed a wandering mushroom
   732 | D        | Killed a wandering mushroom
   743 | D        | Splashed by an oklob plant's acid

Illustrated notes

Levels and vault maps discovered:
D:        dungeon_sprint_fedhas [sprint_temple]

Skill      XL: |  1  2  3  4  5  6  7  8 |
---------------+-------------------------+-----
Dodging        | 2 3 4 5 6 7 8 |  8.5
Stealth        | 7 10 12 13 15 18 20 | 20.4
Fighting       | 2 3 4 5 |  5.5
Short Blades   | 3 4 5 |  5.4
Evocations     | 2 4 5 8 |  8.4
Throwing       | 3 4 |  4.1
Shields        | 2 3 |  3.6
Spellcasting   | 3 4 5 |  5.7
Hexes          | 3 4 5 |  5.7

Action                   |  1- 3 |  4- 6 |  7- 9 || total
-------------------------+-------+-------+-------++-------
Melee: Dagger            |     5 |     8 |    56 ||    69
Throw: Dart              |       |       |     6 ||     6
 Abil: Evoke Invisibilit |       |     3 |     5 ||     8
  Use: Scroll            |       |     1 |     2 ||     3
       Potion            |       |       |     1 ||     1
 Stab: Sleeping          |     3 |     7 |     8 ||    18
       Invisible         |       |       |     1 ||     1
Armor: Robe              |       |       |     1 ||     1
Dodge: Dodged            |     2 |     2 |     6 ||    10
Block: Buckler           |       |     2 |     3 ||     5
